 Dungeon Crawl Stone Soup version 0.30-a0-341-g682706514a (webtiles) character file.

Game seed: 4058231996506172530

126 Lbdfs the Vexing (level 4, -5/21 HPs)
             Began as a Spriggan Enchanter on Nov 1, 2022.
             Killed by divine providence
             ... invoked by an orc priest
              (14 damage)
             ... on level 3 of the Dungeon.
             The game lasted 00:09:05 (2010 turns).

Lbdfs the Vexing (Spriggan Enchanter)               Turns: 2010, Time: 00:09:07

Health: -5/21      AC:  2    Str:  6    XL:     4   Next: 84%
Magic:  7/11       EV: 17    Int: 16    God:
Gold:   141        SH:  0    Dex: 15    Spells: 1/12 levels left

rFire   . . .      SeeInvis +    i - +3 dagger (vamp)
rCold   . . .      Faith    .    (no shield)
rNeg    . . .      Spirit   .    b - +0 robe
rPois   +          Reflect  .    (helmet restricted)
rElec   .          Harm     .    d - +0 cloak
rCorr   .          Rampage  .    (gloves unavailable)
Will    .....                    (boots unavailable)
Stlth   +++.......               (no amulet)
HPRegen 0.23/turn                f - ring of poison resistance
MPRegen 0.12/turn                (no ring)

@: very quick
A: very small, no large weapons, unfitting armour, see invisible, speed 3,
deformed body
a: no special abilities


You were on level 3 of the Dungeon.
You visited 1 branch of the dungeon, and saw 3 of its levels.

You collected 141 gold pieces.

Inventory:

Hand Weapons
 a - a +1 dagger
 e - a +3 short sword of flaming
 i - a +3 vampiric dagger (weapon)
Armour
 b - a +0 robe (worn)
 d - a +0 cloak (worn)
Jewellery
 f - a ring of poison resistance (left hand)
Scrolls
 g - 3 scrolls of identify
 k - a scroll of teleportation
Potions
 c - 2 potions of invisibility
 h - a potion of magic
 j - a potion of curing


   Skills:
 - Level 1.1 Short Blades
 - Level 2.6 Dodging
 - Level 4.4 Stealth
 + Level 4.8 Spellcasting
 + Level 5.4 Hexes


You had one spell level left.
You knew the following spells:

 Your Spells              Type           Power      Damage    Failure   Level
a - Ensorcelled Hibernat  Hex/Ice        24%        N/A       8%          2
b - Tukima's Dance        Hex            21%        N/A       4%          3
c - Dazzling Flash        Conj/Hex       24%        N/A       16%         3
d - Confusing Touch       Hex            21%        N/A       4%          3

Your spell library contained the following spells:

 Spells                   Type           Power      Damage    Failure   Level


Dungeon Overview and Level Annotations

Branches:
Dungeon (3/15)

Altars:
Wu Jian

Shops:
D:2 [


Innate Abilities, Weirdness & Mutations

You are very small and have problems with some larger weapons.
You are too small for most types of armour.
You have supernaturally acute eyesight. (SInv)
You cover ground extremely quickly. (Speed+++)
Armour fits poorly on your strangely shaped body.


Message History

A gnoll comes into view. It is wielding a +0 flail.
A gnoll comes into view. It is wielding a +0 flail.
Unknown command.
Unknown command.
The gnoll shouts!
You hear a shout!
The orc priest looks encouraged for a moment.
There is a stone staircase leading down here.
There is a stone staircase leading up here.
You climb upwards.
There is a stone staircase leading down here.
You start resting.
HP restored.
You climb downwards.
The gnoll closely misses you.
There is a stone staircase leading up here.
Unknown command.
Unknown command.
Casting: Ensorcelled Hibernation (safe; 8% risk of failure)
Confirm with . or Enter, or press ? or * to list all spells.
Aiming: Ensorcelled Hibernation (safe; 8% risk of failure)
Press: ? - help, Shift-Dir - straight line, f - gnoll
Aim: a gnoll, wielding a +0 flail (chance to affect: 54%)
The gnoll looks drowsy...
Unknown command.
The helpless gnoll fails to defend itself.
You puncture the gnoll!
You kill the gnoll!
The orc priest mumbles some strange prayers to Beogh against you.
Pain shoots through your body!
Ouch! That really hurt!
There is a stone staircase leading down here.
Casting: Ensorcelled Hibernation (safe; 8% risk of failure)
Confirm with . or Enter, or press ? or * to list all spells.
Aiming: Ensorcelled Hibernation (safe; 8% risk of failure)
Press: ? - help, Shift-Dir - straight line, f - orc priest
Aim: an orc priest, wielding a +0 war axe (chance to affect: 46%)
The orc priest resists with some effort.
The orc priest invokes the aid of Beogh against you.
Beogh smites you!
Ouch! That really hurt!
You die...

....# #.....# ...# #########.# #
#......##.# # #......##.# ###
#...... #o# ..######...# #.#
#........#.# #g# .........#.##
#o# #### ########....## #@#
########..#
#########....###.#####.........#
#..............).......#'###+#.#
#...........#.##<#######.....#.#
#...!.....#....#.# #.≈≈≈.#.#
#.........##...#.# ###.....#.#
..###########....## ##.'.._..'.#
.# ##....###..#.....#.# #
##.).....##.≈≈≈.#.#


You could see an orc priest, a gnoll and an orc.

Vanquished Creatures
  A gnoll (D:3)
  4 adders (D:2)
  A worm (D:2)
  6 dart slugs
  An orc (D:2)
  3 giant cockroaches
  4 goblins
  5 hobgoblins
  15 jackals (D:1)
  4 kobolds
  A quokka (D:3)
  4 ball pythons
  5 bats
  A frilled lizard (D:1)
  6 rats
61 creatures vanquished.

Notes
Turn   | Place    | Note
-------+----------+-------------------------------------------
     0 | D:1      | Lbdfs the Spriggan Enchanter began the quest for the Orb.
     0 | D:1      | Reached XP level 1. HP: 9/9 MP: 5/5
   291 | D:3      | Reached skill level 4 in Hexes
   291 | D:3      | Reached XP level 2. HP: 13/13 MP: 7/7
   555 | D:1      | Learned a level 2 spell: Ensorcelled Hibernation
   718 | D:1      | Reached XP level 3. HP: 12/16 MP: 9/9
   912 | D:1      | Found a faded altar of an unknown god.
   913 | D:1      | Gained mutation: You do not regenerate when monsters are
                  | visible. [potion of mutation]
   913 | D:1      | Gained mutation: You are frail. (-10% HP) [potion of
                  | mutation]
  1094 | D:2      | Learned a level 3 spell: Tukima's Dance
  1098 | D:2      | Learned a level 3 spell: Confusing Touch
  1228 | D:2      | Reached XP level 4. HP: 13/18 MP: 11/11
  1258 | D:2      | Found Gilea's Antique Armour Shop.
  1329 | D:2      | Reached skill level 5 in Hexes
  1541 | D:2      | Lost mutation: You are frail. (-10% HP) [potion of
                  | mutation]
  1541 | D:2      | Lost mutation: You do not regenerate when monsters are
                  | visible. [potion of mutation]
  1541 | D:2      | Gained mutation: Armour fits poorly on your strangely
                  | shaped body. [potion of mutation]
  1791 | D:2      | Learned a level 3 spell: Dazzling Flash
  1903 | D:3      | Found an ornate altar of the Wu Jian Council.
  2010 | D:3      | Killed from afar by an orc priest

Illustrated notes

Levels and vault maps discovered:
D:1:      dpeg_arrival_tiny_d, layout_rooms, serial_corexii_hall,
          chequers_hall_statues_corner_a, corexii_hall_statues_deadend,
          ebering_ecumenical_altar_rust
D:2:      layout_basic, serial_shops, nicolae_shop_trees
D:3:      layout_rooms, mainiacjoe_overflow_six_doors_small,
          grunt_ashenzari_visionary [grunt_ashenzari_visionary_shoals,
          grunt_ashenzari_visionary_snake], minmay_stone_trees_small,
          st_stairs_12

Skill      XL: |  1  2  3  4 |
---------------+-------------+-----
Spellcasting   | 3 4 |  4.8
Hexes          | 4 5 |  5.4
Short Blades   | |  1.1
Dodging        | |  2.6
Stealth        | |  4.4

Action                   |  1- 3 |  4- 6 || total
-------------------------+-------+-------++-------
Melee: Dagger            |   104 |    48 ||   152
       Short sword       |    78 |     1 ||    79
 Cast: Ensorcelled Hiber |     1 |    11 ||    12
       Tukima's Dance    |       |     1 ||     1
  Use: Scroll            |     7 |     2 ||     9
       Potion            |     1 |     1 ||     2
 Stab: Sleeping          |     5 |     9 ||    14
Armor: Robe              |    17 |     1 ||    18
Dodge: Dodged            |   155 |    42 ||   197

Table legend: (Time is in decaauts)
 A = Elapsed time spent in this place.
 B = Non-inter-level travel time spent in this place.
 C = Inter-level travel time spent in this place.
 D = Time resting spent in this place.
 E = Time spent auto-exploring this place.
 F = Levels seen in this place.
 G = Mean time per level.
                   A        B        C        D        E       F      G
               +--------+--------+--------+--------+--------+-----+--------+
         Total |   1470 |   1457 |     13 |     73 |    725 |   3 |  490.0 |
       Dungeon |   1470 |   1457 |     13 |     73 |    725 |   3 |  490.0 |
               +--------+--------+--------+--------+--------+-----+--------+

Top non-repeatable levels by time:
     D:2: 716 daAuts
     D:1: 532 daAuts
     D:3: 222 daAuts
